 Dungeon Crawl Stone Soup version 0.31-a0-986-g5e6e4ef867 (webtiles) character file.

Game seed: 3937895498075661579

25 wildpjah the Vexing (level 3, 0/28 HPs)
             Began as a Gnoll Hexslinger on Nov 25, 2023.
             Slain by Robin
             ... wielding a +2 trident of freezing
              (3 damage)
             ... on level 2 of the Dungeon.
             The game lasted 00:02:44 (721 turns).

wildpjah the Vexing (Gnoll Hexslinger)               Turns: 721, Time: 00:02:44

Health: 0/28       AC:  5    Str:  7    XL:     3   Next: 4%
Magic:  7/7        EV: 14    Int: 12    God:
Gold:   56         SH:  0    Dex: 16    Spells: 7/7 levels left

rFire   . . .        d - +1 dagger (speed)
rCold   . . .        (no shield)
rNeg    . . .        c - +0 robe
rPois   .            (no helmet)
rElec   .            (no cloak)
rCorr   .            (no gloves)
SInv    .            f - +2 pair of boots
Will    .....        (no amulet)
Stlth   ++           (no ring)
HPRegen 0.24/turn    (no ring)
MPRegen 0.10/turn

%: no passive effects
@: no status effects
A: fangs 1, strong nose, distributed training
a: no special abilities


You were on level 2 of the Dungeon.
You visited 1 branch of the dungeon, and saw 2 of its levels.

You collected 56 gold pieces.

Inventory:

Hand Weapons
 a - a +1 sling
 d - a +1 dagger of speed (weapon)
Missiles
 n - 3 atropa-tipped darts
Armour
 c - a +0 robe (worn)
 f - a +2 pair of boots (worn)
Talismans
 h - a beast talisman
Scrolls
 b - a scroll of poison
 e - a scroll of noise {unknown}
 g - a scroll of teleportation {unknown}
 i - a scroll of fear {unknown}
 j - a scroll of fog {unknown}
 l - a scroll of identify {unknown}
 m - a scroll of enchant weapon {unknown}
Potions
 k - a potion of curing {unknown}


   Skills:
 + Level 2.5 Fighting
 + Level 0.6 Short Blades
 + Level 0.6 Long Blades
 + Level 0.6 Axes
 + Level 0.6 Maces & Flails
 + Level 0.6 Polearms
 + Level 0.6 Staves
 + Level 4.5 Ranged Weapons
 + Level 0.6 Throwing
 + Level 0.6 Armour
 + Level 4.5 Dodging
 + Level 0.6 Stealth
 + Level 0.6 Shields
 + Level 0.6 Unarmed Combat
 + Level 2.8 Spellcasting
 + Level 0.4 Conjurations
 + Level 5.4 Hexes
 + Level 0.4 Summonings
 + Level 0.4 Necromancy
 + Level 0.4 Translocations
 + Level 0.4 Transmutations
 + Level 2.1 Fire Magic
 + Level 0.4 Ice Magic
 + Level 0.4 Air Magic
 + Level 0.4 Earth Magic
 + Level 0.4 Poison Magic
 + Level 0.8 Invocations
 + Level 0.6 Evocations
 + Level 0.5 Shapeshifting


You had 7 spell levels left.
You didn't know any spells.
Your spell library contained the following spells:

 Spells                   Type           Power      Damage    Failure   Level
 Jinxbite                 Hex            28%        N/A       4%          2
 Sigil of Binding         Hex            14%        N/A       9%          3
 Inner Flame              Hex/Fire       10%        N/A       16%         3
 Dazzling Flash           Conj/Hex       16%        N/A       22%         3
 Cause Fear               Hex            7%         N/A       26%         4
 Wereblood                Tmut           2%         N/A       30%         2
 Volatile Blastmotes      Fire/Tloc      8%         2d10      41%         3
 Dimensional Bullseye     Hex/Tloc       4%         N/A       58%         4
 Irradiate                Conj/Tmut      1%         3d12      99%         5
 Starburst                Conj/Fire      2%         6d3       100%        6
 Maxwell's Capacitive Co  Air            1%         ∞         100%        8


Dungeon Overview and Level Annotations

Branches:
Dungeon (2/15)

Altars:

Annotations:
D:2 Robin


Innate Abilities, Weirdness & Mutations

You have very sharp teeth.
Your uncanny sense of smell can sniff out nearby items.
Your experience applies equally to all skills.


Message History

The hobgoblin closely misses you.
You shoot a sling bullet. The hobgoblin shouts!
The sling bullet hits the hobgoblin.
You kill the hobgoblin!
Robin roars a battlecry!
The goblins go into a battle-frenzy!
The goblin closely misses you.
Your hands tingle!
d - a +1 dagger of speed (weapon)
You hit the goblin. Your bite misses the goblin.
The goblin is heavily wounded.
A hobgoblin comes into view.
Robin barely misses you.
Found an escape hatch in the ceiling.
The goblin barely misses you.
Robin hits you with a +2 trident of freezing!
Robin freezes you. The goblin hits you with a +0 club.
You hit Robin but do no damage. The goblin hits you but does no damage.
Robin hits you but does no damage. The goblin hits you with a +0 club.
You hit Robin.
Robin is lightly wounded.
You hit Robin but do no damage.
Robin is lightly wounded.
Robin hits you with a +2 trident of freezing.
* * * LOW HITPOINT WARNING * * *
Robin freezes you.
* * * LOW HITPOINT WARNING * * *
The goblin closely misses you. The goblin hits you with a +0 club.
* * * LOW HITPOINT WARNING * * *
You hit the goblin but do no damage. The goblin hits you with a +0 club.
* * * LOW HITPOINT WARNING * * *
A kobold comes into view. It is wielding a +0 short sword.
Robin throws the goblin at you! The goblin closely misses you.
You closely miss Robin.
Robin is lightly wounded.
You barely miss Robin.
Robin is lightly wounded.
Robin hits you with a +2 trident of freezing.
You die...
Robin lets out a smug laugh.

#.....###..##
..####.
#.....#...†.#
.......
####....#[..#
.......
##....####...#
.......
###..####
#...#
..)..gg##...##
#...#
....ggg#..###
#...#
#..gg.#g##
#...# #g@g#
#...# #..###
#...# ..>...
..... ....K
.... ∆ .... ∆


You could see Robin, 3 hobgoblins, 6 goblins and a kobold (wandering).

Vanquished Creatures
  A dart slug (D:1)
  4 bats (D:1)
  3 endoplasms (D:1)
  3 goblins
  4 hobgoblins
  3 ball pythons (D:1)
  A kobold (D:2)
  A rat (D:1)
20 creatures vanquished.

Notes
Turn   | Place    | Note
-------+----------+-------------------------------------------
     0 | D:1      | wildpjah the Gnoll Hexslinger began the quest for the Orb.
     0 | D:1      | Reached XP level 1. HP: 17/17 MP: 4/4
    65 | D:1      | Reached XP level 2. HP: 23/23 MP: 5/5
   706 | D:2      | Noticed Robin
   708 | D:2      | Reached XP level 3. HP: 28/28 MP: 7/7
   721 | D:2      | Slain by Robin

Illustrated notes

Levels and vault maps discovered:
D:1:      dpeg_arrival_tiny_e, layout_loops_ring
D:2:      layout_basic, uniq_robin

Skill      XL: |  1 |
---------------+----+-----
Fire Magic     | 2 |  2.1
Fighting       | |  2.5
Short Blades   | |  0.6
Long Blades    | |  0.6
Axes           | |  0.6
Maces & Flails | |  0.6
Polearms       | |  0.6
Staves         | |  0.6
Ranged Weapons | |  4.5
Throwing       | |  0.6
Armour         | |  0.6
Dodging        | |  4.5
Stealth        | |  0.6
Shields        | |  0.6
Unarmed Combat | |  0.6
Spellcasting   | |  2.8
Conjurations   | |  0.4
Hexes          | |  5.4
Summonings     | |  0.4
Necromancy     | |  0.4
Translocations | |  0.4
Transmutations | |  0.4
Ice Magic      | |  0.4
Air Magic      | |  0.4
Earth Magic    | |  0.4
Poison Magic   | |  0.4
Invocations    | |  0.8
Evocations     | |  0.6
Shapeshifting  | |  0.5

Action                     || total
---------------------------++-------
  Melee: Dagger            ||     7
   Fire: Sling             ||    59
 Armour: Robe              ||    20
  Dodge: Dodged            ||    15

Table legend: (Time is in decaauts)
 A = Elapsed time spent in this place.
 B = Non-inter-level travel time spent in this place.
 C = Inter-level travel time spent in this place.
 D = Time resting spent in this place.
 E = Time spent auto-exploring this place.
 F = Levels seen in this place.
 G = Mean time per level.
                   A        B        C        D        E       F      G
               +--------+--------+--------+--------+--------+-----+--------+
         Total |    728 |    686 |     42 |      0 |    545 |   2 |  364.0 |
       Dungeon |    728 |    686 |     42 |      0 |    545 |   2 |  364.0 |
               +--------+--------+--------+--------+--------+-----+--------+

Top non-repeatable levels by time:
     D:1: 636 daAuts
     D:2: 92 daAuts
